 Dungeon Crawl Stone Soup version 0.26.0-15-gc6cd9f700b (webtiles) character file.

Game seed: 8739639184419024036

3187 jackrogers the Carver (level 9, -5/52 HPs)
             Began as a Gargoyle Berserker on Jan 17, 2021.
             Was a High Priest of Trog.
             Slain by an orc warrior
             ... wielding a +0 dire flail
              (16 damage)
             ... on level 7 of the Dungeon.
             The game lasted 00:13:09 (7655 turns).

jackrogers the Carver (Gargoyle Berserker)          Turns: 7655, Time: 00:13:10

Health: -5/52      AC: 19    Str: 24    XL:     9   Next: 95%
Magic:  9/9        EV: 11    Int: 11    God:    Trog [*****.]
Gold:   353        SH:  5    Dex: 15    Spells: 8/8 levels left

rFire    . . .     SeeInvis +   j - +5 short sword
rCold    . . .     Faith    .   c - +0 buckler
rNeg     + . .     Spirit   .   G - +0 swamp dragon scales
rPois    ∞         Reflect  .   s - +2 helmet "Litoud" {Int+3 SInv}
rElec    +         Harm     .   (no cloak)
rCorr    .         Rampage  .   n - +0 pair of gloves
Will     +....                  d - +0 pair of boots
Stlth    +.........             q - amulet of the acrobat
HPRegen  0.17/turn              D - ring of willpower
MPRegen  0.11/turn              B - +6 ring of dexterity

@: no status effects
A: negative energy resistance 1, electricity resistance, unbreathing,
petrification resistance, miasma immunity, AC +6
a: Renounce Religion, Berserk, Trog's Hand, Brothers in Arms


You were on level 7 of the Dungeon.
You worshipped Trog.
Trog was extremely pleased with you.
You visited 1 branch of the dungeon, and saw 7 of its levels.
You also visited: Sewer.

You collected 353 gold pieces.

Inventory:

Hand Weapons
 a - a +0 falchion
 j - a +5 short sword (weapon)
   (You took it off a kobold on level 1 of the Dungeon)
 F - a +1 war axe of flaming
   (You took it off Maggie on level 6 of the Dungeon)
Missiles
 u - 4 curare-tipped darts
 N - 2 javelins (quivered)
 P - a throwing net {=f, !d}
Armour
 b - a +0 animal skin
 c - a +0 buckler (worn)
   (You found it on level 1 of the Dungeon)
 d - a +0 pair of boots (worn)
   (You found it on level 1 of the Dungeon)
 e - a +1 helmet
   (You found it on level 2 of the Dungeon)
 m - a +0 helmet
   (You took it off Robin on level 2 of the Dungeon)
 n - a +0 pair of gloves (worn)
   (You found it on level 2 of the Dungeon)
 s - the +2 helmet "Litoud" (worn) {Int+3 SInv}
   (You found it on level 6 of the Dungeon)

   It affects your intelligence (+3).
   It lets you see invisible.
 z - a +0 ring mail
   (You found it on level 2 of the Dungeon)
 G - +0 swamp dragon scales (worn)
   (You took it off Maggie on level 6 of the Dungeon)
Jewellery
 i - an uncursed ring of ice {rC+, rF-}
   (You found it on level 1 of the Dungeon)
 q - an amulet of the acrobat (around neck)
   (You found it on level 3 of the Dungeon)
 B - a +6 ring of dexterity (right hand)
   (You found it on level 4 of the Dungeon)
 D - a ring of willpower (left hand)
   (You found it on level 4 of the Dungeon)
 O - a +6 ring of dexterity
   (You found it on level 7 of the Dungeon)
Wands
 p - a wand of polymorph (12)
   (You took it off Jessica on level 3 of the Dungeon)
 y - a wand of enslavement (8)
   (You found it on level 3 of the Dungeon)
 A - a wand of acid (6)
   (You found it on level 4 of the Dungeon)
 Q - a wand of iceblast (2)
   (You found it on level 7 of the Dungeon)
Scrolls
 g - 3 scrolls of noise {!r}
 t - a scroll of amnesia
 w - 7 scrolls of remove curse
 x - a scroll of enchant weapon
 J - a scroll of fear
 K - 2 scrolls of fog
 L - a scroll of magic mapping {!r}
 M - 2 scrolls of teleportation
 R - 3 scrolls of identify
Potions
 f - 6 potions of heal wounds
 h - 2 potions of haste
 k - 2 potions of invisibility
 l - 2 potions of brilliance
 o - a potion of attraction {!q}
 r - a potion of cancellation
 v - a potion of flight
 C - 3 potions of might
 E - 2 potions of curing
 H - 3 potions of magic
 I - a potion of mutation {!q}


   Skills:
 + Level 4.3 Fighting
 * Level 11.6 Long Blades
 + Level 3.4 Armour
 - Level 1.5 Dodging
 - Level 4.0 Shields


You had 8 spell levels left.
You didn't know any spells.
Your spell library was empty.

Dungeon Overview and Level Annotations

Branches:
Dungeon (7/15)             Temple (0/1) D:4           Sewer (visited)

Altars:
Ashenzari
Dithmenos
Trog

Shops:
D:4 [   D:7 :


Innate Abilities, Weirdness & Mutations

You are resistant to torment.
Your stone body is resilient. (AC +6)
You are immune to poison.
You resist negative energy. (rN+)
You are resistant to electric shocks. (rElec)
You can survive without breathing.
You are immune to petrification.
You are immune to miasma.


Message History

Things that are here:
a cursed +0 animal skin; a +0 animal skin; a kobold corpse You enter the shallow water.
Moving in this stuff is going to be slow.
N - 5 javelins (gained 1)
Things that are here:
a cursed +0 animal skin; a +0 animal skin; a kobold corpse You see here a +0 animal skin.
Items here: [[[ †††.
You enter the shallow water.
Moving in this stuff is going to be slow.
N - 6 javelins (gained 1)
Items here: [[[ †††.
You see here 4 stones.
You see here 3 stones.
You see here 2 stones.
You see here 2 stones.
You see here a stone.
P - a throwing net {=f, !d}
Q - a wand of iceblast (2)
Found Fabij's Book Boutique.
R - a scroll of identify
There is an entrance to Fabij's Book Boutique here.
Unknown command.
There is an entrance to Fabij's Book Boutique here.
R - 2 scrolls of identify (gained 1)
Found a glowing short sword.
R - 3 scrolls of identify (gained 1)
w - 7 scrolls of remove curse (gained 1)
A worker ant comes into view.
The worker ant moves out of view.
A worker ant is nearby!
A worker ant is nearby!
You throw a javelin.
The javelin pierces through the worker ant but does no damage.
The worker ant misses you.
You hit the worker ant. The worker ant completely misses you.
You closely miss the worker ant. The worker ant closely misses you.
You hit the worker ant but do no damage.
The worker ant barely misses you.
You puncture the worker ant! The worker ant barely misses you.
You barely miss the worker ant. You hit the worker ant.
The worker ant bites you but does no damage.
You barely miss the worker ant. The worker ant barely misses you.
You hit the worker ant. The worker ant barely misses you.
You hit the worker ant.
You kill the worker ant!
Trog accepts your kill.
No target in view!
You see here a worker ant corpse.
N - 6 javelins (gained 1)
You see here 22 stones.
You now have 353 gold pieces (gained 9).
An orc warrior is nearby!
Spoiler Alert: The orc warrior (wandering) can hit for high damage!
An orc warrior is nearby!
Spoiler Alert: The orc warrior (wandering) can hit for high damage!
An orc warrior is nearby!
Spoiler Alert: The orc warrior (wandering) can hit for high damage!
Unknown command.
Spoiler Alert: The orc warrior (wandering) can hit for high damage!
You start waiting.
A quokka zombie is nearby!
You throw a javelin.
The javelin barely misses the quokka zombie.
You throw a javelin.
The javelin pierces through the quokka zombie.
The quokka zombie bites you but does no damage.
You closely miss the quokka zombie. You puncture the quokka zombie!
You destroy the quokka zombie!
Trog accepts your kill.
No target in view!
No target in view!
The orc warrior shouts!
You hear a shout!
You see here a javelin.
An orc warrior is nearby!
Spoiler Alert: The orc warrior can hit for high damage!
An orc warrior is nearby!
An orc warrior is nearby!
You throw a javelin.
The javelin closely misses the orc warrior.
You throw a javelin.
The javelin barely misses the orc warrior.
Spoiler Alert: The orc warrior can hit for high damage!
You hit the orc warrior.
The orc warrior hits you with a +0 dire flail!
You puncture the orc warrior!
The orc warrior hits you with a +0 dire flail!
You barely miss the orc warrior.
You hit the orc warrior but do no damage.
The orc warrior barely misses you.
Spoiler Alert: The orc warrior can hit for high damage!
You hit the orc warrior.
The orc zaps a wand.
The bolt of acid hits you!!
You are splashed with acid!
* * * LOW HITPOINT WARNING * * *
The orc warrior hits you with a +0 dire flail!
You die...

..#... ... .##.. ..#
.................#..##....> ....
................##........ ##...
......................... ####..
......".(............... .# #...
#......o.....##.....(.. .. ....
#..... #(.....#........ .. .....
##..###oo.....<....... #
........##......@(.............##
.............###..............##.
........#...####..........##>.#.≈
.......##..###.............# ##.≈
.......#...##.............## #.(
. .........##.......#[....# ##.
.......(.........##...### ##
###.................### #
#....÷.........##...## #


You could see an orc warrior and 2 orcs.

Vanquished Creatures
  Pikel (D:6)
  Maggie (D:6)
  Prince Ribbit (D:6)
  Sigmund (D:2)
  Eustachio (D:6)
  Menkaure (D:6)
  An ice beast (D:6)
  A hornet zombie (D:6)
  4 centaurs (D:6)
  A lemure (D:6)
  5 bullfrogs
  A water moccasin skeleton (D:5)
  A scorpion (D:7)
  A howler monkey (D:7)
  A jelly (D:6)
  A quasit (D:6)
  4 hounds
  3 orc priests
  4 orc wizards
  Jessica (D:3)
  4 worker ants
  An iguana (D:7)
  Natasha (twice) (D:2)
  Robin (D:2)
  10 adders
  2 howler monkey skeletons
  5 river rats
  A shadow imp (D:6)
  A white imp (D:5)
  An ufetubus (D:5)
  An ooze (D:3)
  5 worms
  An adder skeleton (D:4)
  A dart slug (D:3)
  4 leopard geckos
  10 orcs
  16 ball pythons
  3 giant cockroaches
  18 goblins
  10 hobgoblins
  4 jackals
  5 quokkas
  6 bats
  7 frilled lizards
  11 kobolds
  A quokka zombie (D:7)
  33 rats
199 creatures vanquished.

Notes
Turn   | Place    | Note
-------+----------+-------------------------------------------
     0 | D:1      | jackrogers the Gargoyle Berserker began the quest for the
                  | Orb.
     0 | D:1      | Reached XP level 1. HP: 14/14 MP: 1/1
   295 | D:1      | Reached skill level 3 in Long Blades
   356 | D:1      | Reached XP level 2. HP: 10/19 MP: 2/2
  1341 | D:2      | Reached skill level 1 in Shields
  1347 | D:2      | Reached XP level 3. HP: 16/23 MP: 3/3
  1352 | D:2      | Noticed Robin
  1364 | D:2      | Reached ** piety under Trog
  1368 | D:2      | Killed Robin
  1674 | D:2      | Reached XP level 4. HP: 24/28 MP: 4/4
  1777 | D:2      | Reached skill level 4 in Long Blades
  1959 | D:2      | Reached skill level 2 in Shields
  1998 | D:2      | Noticed Sigmund
  2005 | D:2      | HP: 6/28 [Sigmund/+0 scythe (6)]
  2011 | D:2      | HP: 3/42 [something (3)]
  2015 | D:2      | Killed Sigmund
  2016 | D:2      | Reached skill level 5 in Long Blades
  2016 | D:2      | Reached skill level 3 in Shields
  2016 | D:2      | Reached XP level 5. HP: 3/32 MP: 5/5
  2016 | D:2      | Reached XP level 6. HP: 3/37 MP: 6/6
  2603 | D:2      | Noticed Natasha
  2613 | D:2      | Killed Natasha
  2748 | D:2      | Noticed Natasha
  2757 | D:2      | Killed Natasha
  3076 | D:3      | Noticed Jessica
  3078 | D:3      | Killed Jessica
  3163 | D:3      | Found a shadowy altar of Dithmenos.
  3267 | D:3      | Reached *** piety under Trog
  4208 | D:4      | Found Ried's Antique Armour Emporium.
  4267 | D:4      | Found a staircase to the Ecumenical Temple.
  4279 | D:4      | Reached skill level 4 in Shields
  4360 | D:4      | Reached skill level 6 in Long Blades
  4360 | D:4      | Reached XP level 7. HP: 38/41 MP: 7/7
  4837 | D:5      | Entered Level 5 of the Dungeon
  4991 | D:5      | Found a broken altar of Ashenzari.
  5339 | D:5      | Reached skill level 7 in Long Blades
  5485 | D:6      | Noticed Maggie
  5503 | D:6      | Killed Maggie
  5504 | D:6      | Reached skill level 8 in Long Blades
  5504 | D:6      | Reached XP level 8. HP: 46/46 MP: 8/8
  5504 | D:6      | Noticed Eustachio
  5549 | D:6      | Killed Eustachio
  5601 | D:6      | Found a glowing drain.
  5637 | D:6      | Reached **** piety under Trog
  5644 | Sewer    | Entered a sewer
  5666 | Sewer    | Reached skill level 9 in Long Blades
  5940 | Sewer    | Reached ***** piety under Trog
  6136 | D:6      | Noticed Menkaure
  6150 | D:6      | Killed Menkaure
  6151 | D:6      | Reached skill level 10 in Long Blades
  6151 | D:6      | Reached XP level 9. HP: 51/51 MP: 9/9
  6189 | D:6      | HP: 11/51 [hornet zombie (8)]
  6331 | D:6      | Noticed Pikel
  6354 | D:6      | Killed Pikel
  6439 | D:6      | Reached skill level 11 in Long Blades
  6451 | D:6      | Got a dazzling helmet
  6462 | D:6      | Identified the +2 helmet "Litoud" {Int+3 SInv} (You found
                  | it on level 6 of the Dungeon)
  6475 | D:6      | Noticed Prince Ribbit
  6732 | D:6      | Killed Prince Ribbit
  6855 | D:6      | Reached skill level 3 in Armour
  7090 | D:6      | Reached skill level 4 in Fighting
  7440 | D:7      | Found the cursed necklace of Bloodlust {*Rage +Rage Will++
                  | Int-3 Slay+6 *Curse}
  7468 | D:7      | Found a bloodstained altar of Trog.
  7538 | D:7      | Found Fabij's Book Boutique.
  7655 | D:7      | HP: 11/52 [acid (8)]
  7655 | D:7      | Slain by an orc warrior

Illustrated notes

Levels and vault maps discovered:
D:1:      minmay_arrival_plants_in_alcoves, layout_loops_corners,
          kennysheep_small_spiral, minmay_misc_feat_tiny
D:2:      layout_loops_ring, uniq_robin, uniq_sigmund, uniq_natasha
D:3:      layout_basic, grunt_dithmenos_smoke, minmay_misc_feat_square,
          grunt_decor_fettered, uniq_jessica
D:4:      layout_basic, minmay_temple_entry_proselytizer, serial_shops,
          shop_fountains, kennysheep_doodads
D:5:      layout_rooms, cheibrodos_ashenzari_chains
D:6:      layout_basic, portal_sewer_entry_c, uniq_eustachio, uniq_menkaure,
          uniq_pikel, uniq_maggie, uniq_prince_ribbit1
D:7:      layout_cave_pools, serial_shops, shop, mrwooster_statue_mirror,
          trog_hazing_becter

Skill      XL: |  1  2  3  4  5  6  7  8  9 |
---------------+----------------------------+-----
Long Blades    | 3 5 6 8 10 11 | 11.6
Shields        | 1 3 4 |  4.0
Armour         | 3 |  3.4
Fighting       | 4 |  4.3
Dodging        | |  1.5

Action                   |  1- 3 |  4- 6 |  7- 9 || total
-------------------------+-------+-------+-------++-------
Melee: Falchion          |    42 |       |       ||    42
       Short sword       |    52 |   145 |   507 ||   704
       Unarmed           |       |     5 |       ||     5
Throw: Javelin           |       |       |     7 ||     7
Invok: Berserk           |     1 |     2 |     6 ||     9
  Use: Scroll            |     3 |     5 |    11 ||    19
       Potion            |       |     1 |       ||     1
Armor: Animal skin       |    36 |    31 |       ||    67
       Ring mail         |       |     9 |    41 ||    50
       Swamp dragon scal |       |       |   187 ||   187
Dodge: Dodged            |    57 |    87 |   345 ||   489
Block: Buckler           |       |    21 |   136 ||   157
       Rpst.: Falchion   |     7 |       |       ||     7

Table legend: (Time is in decaauts)
 A = Elapsed time spent in this place.
 B = Non-inter-level travel time spent in this place.
 C = Inter-level travel time spent in this place.
 D = Time resting spent in this place.
 E = Time spent auto-exploring this place.
 F = Levels seen in this place.
 G = Mean time per level.
                   A        B        C        D        E       F      G
               +--------+--------+--------+--------+--------+-----+--------+
         Total |   7690 |   7066 |    624 |   1676 |   4011 |   8 |  961.2 |
       Dungeon |   7220 |   6596 |    624 |   1557 |   3833 |   7 | 1031.4 |
         Sewer |    469 |    469 |      0 |    119 |    177 |   1 |  469.0 |
               +--------+--------+--------+--------+--------+-----+--------+

Top non-repeatable levels by time:
     D:2: 1853 daAuts
     D:1: 1338 daAuts
     D:6: 1136 daAuts
     D:4: 966 daAuts
     D:3: 821 daAuts
     D:5: 739 daAuts
   Sewer: 469 daAuts
     D:7: 366 daAuts

Table legend:
 A = Kills in this place as a percentage of kills in entire the game.
 B = Kills by you in this place as a percentage of kills by you in the entire game.
 C = Kills by friends in this place as a percentage of kills by friends in the entire game.
 D = Other kills in this place as a percentage of other kills in the entire game.
 E = Experience gained in this place as a percentage of experience gained in the entire game.
 F = Experience gained in this place divided by the number of levels of this place that you have seen.
                   A       B       C       D       E      F
               +-------+-------+-------+-------+-------+----------------------
         Total | 100.0 | 100.0 |   N/A |   N/A | 100.0 | 569.1
       Dungeon |  75.8 |  75.8 |   N/A |   N/A |  93.3 | 606.7
         Sewer |  24.2 |  24.2 |   N/A |   N/A |   6.7 | 306.0
               +-------+-------+-------+-------+-------+----------------------
